[Event "January 9 Early 2024"]
[Site "https://www.chess.com"]
[Date "2024.01.11"]
[Round "8"]
[White "Sanhueza, Cristian"]
[Black "Gokerkan, Cem Kaan"]
[Result "1/2-1/2"]
[Board "202"]
[TimeControl "180+1"]
[WhiteFideId "116815"]
[BlackFideId "6336760"]
[WhiteElo "2628"]
[BlackElo "2807"]
[WhiteTeam "ARG"]
[BlackTeam "TUR"]
[WhiteClock "0:00:07"]
[BlackClock "0:00:10"]

1. e4 e5 2. Nf3 Nf6 3. Nxe5 d5 4. d4 Nxe4 5. Bd3 Nd7 6. Nxd7 Bxd7 7. O-O Bd6 8. c4 O-O 9. c5 Be7 10. Nc3 Nxc3 11. bxc3 b6 12. cxb6 axb6 13. Qh5 f5 14. Bf4 c6 15. Rfe1 Bf6 16. Bxf5 g6 17. Bxg6 hxg6 18. Qxg6+ Bg7 19. Be5 Rf7 20. Re3 Qh4 21. Rg3 Qh7 22. Qg5 Kh8 23. Re1 Rg8 24. Bxg7+ Rfxg7 25. Qf6 Qh5 26. h3 Kh7 27. Re5 Qh6 28. Rxg7+ Rxg7 29. Qf3 Qg6 30. Kh2 Qd6 31. g3 Be8 32. h4 Bg6 33. Rg5 Be4 34. Rxg7+ Kxg7 35. Qg4+ Qg6 36. Qd7+ Qf7 37. Qxf7+ Kxf7 38. a3 Kf6 39. g4 Bc2 40. Kg3 c5 41. Kf4 Bd1 42. g5+ Ke6 43. dxc5 bxc5 44. g6 Kf6 45. f3 Kxg6 46. a4 Bxa4 47. Ke5 Bb3 48. f4 Kf7 49. h5 Bc2 50. Kxd5 Bd1 51. h6 Kg6 52. Kxc5 Kxh6 53. Kd6 Kg6 54. Ke5 Kf7 55. c4 Ba4 56. c5 Be8 57. Kd6 Ba4 58. c6 Bxc6 59. Kxc6 Ke6 60. Kc5 Kf5 61. Kd4 Kxf4 1/2-1/2

[Event "January 9 Early 2024"]
[Site "https://www.chess.com"]
[Date "2024.01.11"]
[Round "8"]
[White "Kohler, Aran"]
[Black "Gatterer, Florian"]
[Result "1-0"]
[Board "203"]
[TimeControl "180+1"]
[WhiteFideId "1002856"]
[BlackFideId "811688"]
[WhiteElo "2272"]
[BlackElo "2410"]
[WhiteTeam "NED"]
[BlackTeam "ITA"]
[WhiteClock "0:00:07"]
[BlackClock "0:00:05"]

1. Nf3 c5 2. c3 Nf6 3. d4 cxd4 4. cxd4 d5 5. Nc3 Nc6 6. Bf4 Bf5 7. Qb3 Na5 8. Qa4+ Bd7 9. Qc2 e6 10. e3 Nh5 11. Bg5 f6 12. Bh4 g5 13. Bg3 Rc8 14. Bd3 Nxg3 15. hxg3 f5 16. g4 Qf6 17. Ne5 Nc6 18. Nxd7 Kxd7 19. gxf5 Nb4 20. Qa4+ Kd8 21. Bb1 Bd6 22. a3 Nc6 23. fxe6 Rf8 24. Nd1 h6 25. Qb3 Qxe6 26. Qxb7 Rc7 27. Qb3 Ke7 28. Qd3 Na5 29. Qh7+ Rf7 30. Qxh6 Qxh6 31. Rxh6 Nb3 32. Bd3 Nxa1 33. Nc3 Rxc3 34. bxc3 Rf6 35. Rh7+ Rf7 36. Rxf7+ Kxf7 37. f3 Nb3 38. c4 Nc1 39. Bf1 Bxa3 40. cxd5 Nb3 41. Bc4 Na5 42. Ba2 Ke7 43. e4 Bb2 44. e5 Bxd4 45. d6+ Kd8 46. e6 Bf6 47. Bd5 Kc8 48. g3 Nb7 49. Bxb7+ Kxb7 50. e7 Bc3+ 51. Ke2 Bb4 52. e8=Q a5 53. Qd7+ Kb6 54. Qc7+ Kb5 55. d7 Ka4 56. d8=Q Kb3 57. Qd1+ Ka2 58. Qcc2+ 1-0

[Event "January 9 Early 2024"]
[Site "https://www.chess.com"]
[Date "2024.01.11"]
[Round "8"]
[White "Burmakin, Evgeniy"]
[Black "Tharushi, T H D Niklesha"]
[Result "1/2-1/2"]
[Board "204"]
[TimeControl "180+1"]
[WhiteFideId "4163729"]
[BlackFideId "9918264"]
[WhiteElo "2403"]
[BlackElo "2256"]
[WhiteTeam "RUS"]
[BlackTeam "SRI"]
[WhiteClock "0:00:07"]
[BlackClock "0:00:23"]

1. e4 c6 2. Nc3 d5 3. Nf3 dxe4 4. Nxe4 Nf6 5. Qe2 Nxe4 6. Qxe4 Nd7 7. Bc4 Nf6 8. Ne5 e6 9. Qe2 Bd6 10. d4 Nd5 11. Bd2 Qc7 12. O-O-O a6 13. Kb1 b5 14. Bd3 Bb7 15. Rhe1 c5 16. dxc5 Bxc5 17. f4 O-O-O 18. g3 Kb8 19. c4 Nb4 20. Be4 f6 21. Nf3 Bxe4+ 22. Qxe4 Nd3 23. Ba5 Qxa5 24. Rxd3 Rxd3 25. Qxd3 Rd8 26. Qb3 Qb6 27. cxb5 Qb7 28. bxa6 Qxb3 29. axb3 Rd6 30. Rc1 Ba7 31. Rc4 Rxa6 32. Kc2 Rd6 33. Nd2 Kb7 34. Ne4 Rc6 35. Kc3 Bg1 36. h3 Bh2 37. Rxc6 Kxc6 38. Kc4 f5 39. Ng5 Bxg3 40. Nxe6 g6 41. b4 Kd6 42. Nf8 Bxf4 43. Nxh7 Be5 44. Ng5 Bxb2 45. b5 Bf6 46. Nf3 Kc7 47. Kd5 Kb6 48. Ke6 Bb2 49. Kf7 Kxb5 50. Kxg6 f4 51. h4 Kc5 52. h5 Kd5 53. h6 Ke4 54. Ng5+ Ke3 55. Kf5 f3 56. Nxf3 Kxf3 57. Kg6 Bh8 58. Kh7 Ba1 59. Kg8 Be5 60. h7 Ba1 61. Kf7 Bb2 62. Kg8 Ba1 63. h8=Q Bxh8 1/2-1/2

[Event "January 9 Early 2024"]
[Site "https://www.chess.com"]
[Date "2024.01.11"]
[Round "8"]
[White "Kravtsiv, Martyn"]
[Black "Paravyan, David"]
[Result "1/2-1/2"]
[Board "205"]
[TimeControl "180+1"]
[WhiteFideId "14113147"]
[BlackFideId "4194985"]
[WhiteElo "2858"]
[BlackElo "3007"]
[WhiteTeam "UKR"]
[BlackTeam "FID"]
[WhiteClock "0:00:08"]
[BlackClock "0:00:05"]

1. e4 e5 2. Nf3 Nf6 3. Nxe5 d6 4. Nf3 Nxe4 5. d4 d5 6. Bd3 Bd6 7. O-O O-O 8. c4 c6 9. Re1 Bf5 10. Nc3 Nxc3 11. bxc3 Bxd3 12. Qxd3 dxc4 13. Qxc4 Nd7 14. Bg5 Qc7 15. h3 Rfe8 16. Qd3 h6 17. Bd2 b5 18. c4 bxc4 19. Qxc4 Nb6 20. Qd3 Qd7 21. Rac1 c5 22. Ba5 Bf8 23. Red1 cxd4 24. Qxd4 Qe6 25. Rc2 Rac8 26. Rdc1 Rxc2 27. Rxc2 Nd5 28. Rc1 Qf5 29. Bd2 a6 30. a4 Qe4 31. Rc4 Qb1+ 32. Rc1 Qe4 33. Re1 Qxd4 34. Nxd4 Rc8 35. Nf5 h5 36. Re5 Nb6 37. Ne3 Nxa4 38. Rxh5 Nc5 39. Rd5 Ne4 40. Kf1 Nxd2+ 41. Rxd2 a5 42. Rd4 g6 43. Ke2 Bb4 44. Rc4 Rxc4 45. Nxc4 a4 46. Kd3 Kg7 47. f4 f5 48. g4 Kf6 49. Kc2 fxg4 50. hxg4 Be1 51. Nb6 a3 52. Kb3 Bg3 53. Nd5+ Ke6 54. f5+ Kxd5 55. fxg6 Ke6 56. Kxa3 Kf6 57. g7 Kxg7 58. g5 Kg6 59. Kb3 Kxg5 1/2-1/2

[Event "January 9 Early 2024"]
[Site "https://www.chess.com"]
[Date "2024.01.11"]
[Round "8"]
[White "Zavgorodniy, Sergiy"]
[Black "Rangel, Daniel"]
[Result "1-0"]
[Board "206"]
[TimeControl "180+1"]
[WhiteFideId "14110148"]
[BlackFideId "2124475"]
[WhiteElo "2624"]
[BlackElo "2496"]
[WhiteTeam "UKR"]
[BlackTeam "BRA"]
[WhiteClock "0:00:12"]
[BlackClock "0:00:01"]

1. e4 c5 2. Nf3 g6 3. c3 Bg7 4. d4 cxd4 5. cxd4 d5 6. exd5 Nf6 7. Bb5+ Nbd7 8. d6 exd6 9. Qe2+ Qe7 10. Bf4 Ne4 11. O-O O-O 12. Re1 d5 13. Nc3 Ndf6 14. Bg5 Qd6 15. Ne5 Nxc3 16. bxc3 Ne4 17. Bd2 Nxd2 18. Qxd2 a6 19. Bd3 b5 20. a4 Bd7 21. Nxd7 Qxd7 22. axb5 axb5 23. Qb2 Rxa1 24. Rxa1 Rb8 25. Rb1 b4 26. cxb4 Qa7 27. b5 Bxd4 28. Qd2 Bb6 29. Bf1 Rd8 30. g3 h5 31. h4 Qc7 32. Rb3 Qe5 33. Bg2 d4 34. Qd3 Rc8 35. Bc6 Rc7 36. Rb1 Re7 37. Kg2 Qe2 38. Rd1 Qxd3 39. Rxd3 Re2 40. Kf3 Rb2 41. Ra3 d3 42. Rxd3 Rxf2+ 43. Ke4 Kg7 44. Kd5 Rg2 45. Kd6 Rg1 46. Kd7 Bf2 47. Rf3 Bxg3 48. b6 Bh2 49. b7 Rg4 50. Bd5 f5 51. Rh3 Be5 52. Ke6 Bb8 53. Bf3 Rb4 54. Bc6 Kh6 55. Rh1 Rb6 56. Kd7 g5 57. hxg5+ Kxg5 58. Rg1+ Kf4 59. Rg8 1-0

[Event "January 9 Early 2024"]
[Site "https://www.chess.com"]
[Date "2024.01.11"]
[Round "8"]
[White "Daneshvar, Bardiya"]
[Black "Kozak, Antoni"]
[Result "1-0"]
[Board "207"]
[TimeControl "180+1"]
[WhiteFideId "12576468"]
[BlackFideId "21832030"]
[WhiteElo "2948"]
[BlackElo "2761"]
[WhiteTeam "IRI"]
[BlackTeam "POL"]
[WhiteClock "0:00:17"]
[BlackClock "0:00:03"]

1. b3 Nf6 2. Bb2 g6 3. g3 Bg7 4. Bg2 O-O 5. Nf3 d6 6. d4 Nbd7 7. O-O a5 8. c4 a4 9. b4 Nb6 10. Na3 Bf5 11. Nd2 c6 12. e4 Bg4 13. Qc2 Qc8 14. c5 Nbd7 15. Nac4 Ne8 16. a3 d5 17. exd5 cxd5 18. Ne3 Ndf6 19. Nxd5 Nxd5 20. Bxd5 Nc7 21. Bg2 Bh3 22. Qe4 Bxg2 23. Kxg2 e6 24. Nc4 Nd5 25. h4 Qc6 26. Qf3 h5 27. Ne5 Qb5 28. Qd3 Qe8 29. b5 Ra5 30. b6 Bxe5 31. dxe5 Rxc5 32. Bd4 Qc6 33. Kh2 Rc4 34. Ra2 Rc8 35. Rb2 Ne7 36. Be3 Nf5 37. Bg5 Rc3 38. Qd2 Rxa3 39. Bf6 Rc3 40. Rd1 Rf8 41. Qd8 a3 42. Rbd2 Ng7 43. Qe7 Rc2 44. Qxa3 Rxd2 45. Rxd2 Qxb6 46. Qd6 Qc6 47. Qe7 Nf5 48. Qb4 b5 49. Rb2 Rb8 50. Rd2 Qb6 51. Rc2 Qb7 52. Rb2 Qb6 53. Bg5 Nd4 54. Qc3 Re8 55. Rd2 Nf5 56. Qd3 Qb7 57. Rb2 Qc8 58. Qxb5 Rf8 59. Qd3 Re8 60. f3 Qa8 61. g4 Ng7 62. Bf6 Qc8 63. Qe3 hxg4 64. Qh6 1-0

[Event "January 9 Early 2024"]
[Site "https://www.chess.com"]
[Date "2024.01.11"]
[Round "8"]
[White "Balla, Tamas-Kristof"]
[Black "De Souza, Cristiano Gomes"]
[Result "0-1"]
[Board "208"]
[TimeControl "180+1"]
[WhiteFideId "1208497"]
[BlackFideId "2151758"]
[WhiteElo "2460"]
[BlackElo "2282"]
[WhiteTeam "ROU"]
[BlackTeam "BRA"]
[WhiteClock "0:00:22"]
[BlackClock "0:00:23"]

1. e4 c5 2. c3 d6 3. d4 Nf6 4. Bd3 Qc7 5. Nf3 Bg4 6. O-O Nbd7 7. h3 Bxf3 8. Qxf3 e5 9. Be3 Be7 10. Nd2 O-O 11. Rad1 a6 12. Bb1 b5 13. Rfe1 Rac8 14. Nf1 cxd4 15. cxd4 Qb7 16. Ng3 Rfe8 17. d5 Bf8 18. Nf5 b4 19. Bg5 a5 20. Rc1 Rxc1 21. Rxc1 Rc8 22. Rxc8 Qxc8 23. Bd3 Ne8 24. Be7 g6 25. Bxf8 Kxf8 26. Nh6 Qc1+ 27. Kh2 Qxh6 28. Qd1 Qf4+ 29. Kg1 Ndf6 30. Qc2 h5 31. a3 bxa3 32. bxa3 g5 33. g3 Qf3 34. a4 h4 35. g4 Qxh3 36. Be2 Nxg4 37. Bxg4 Qxg4+ 38. Kf1 h3 39. f3 Qxf3+ 40. Ke1 g4 41. Qd2 g3 42. Qh6+ Ke7 43. Qh4+ Nf6 44. Qxh3 Qxe4+ 45. Kf1 Qf4+ 46. Ke1 Qf2+ 47. Kd1 g2 48. Qh2 g1=Q+ 49. Qxg1 Qxg1+ 50. Kc2 Qd4 51. Kb3 Qxa4+ 52. Kxa4 Nxd5 53. Kxa5 Ke6 54. Kb5 f5 55. Kc4 f4 56. Kd3 Kf5 57. Ke2 e4 58. Kf2 Ke5 59. Ke2 Nf6 60. Kd2 d5 61. Ke2 d4 62. Kd2 d3 63. Ke1 Kd4 64. Kd2 e3+ 65. Ke1 Ne4 66. Kf1 f3 67. Kg1 d2 68. Kh2 d1=Q 69. Kh3 Qh1+ 70. Kg4 Qg2+ 71. Kf5 f2 72. Ke6 f1=Q 73. Ke7 e2 74. Ke6 e1=Q 75. Kd7 Nc3 76. Kc7 Qf6 77. Kc8 Qgg7 78. Kb8 Qe8# 0-1

[Event "January 9 Early 2024"]
[Site "https://www.chess.com"]
[Date "2024.01.11"]
[Round "8"]
[White "De Sousa, Daniel Aguiar"]
[Black "Luukkonen, Tommi"]
[Result "0-1"]
[Board "209"]
[TimeControl "180+1"]
[WhiteFideId "44736797"]
[BlackFideId "501808"]
[WhiteElo "2052"]
[BlackElo "2320"]
[WhiteTeam "BRA"]
[BlackTeam "FIN"]
[WhiteClock "0:00:17"]
[BlackClock "0:00:06"]

1. d4 Nf6 2. Nf3 g6 3. e3 Bg7 4. Bd3 c5 5. b3 cxd4 6. exd4 O-O 7. O-O d5 8. h3 Nc6 9. a3 Ne4 10. Bb2 Bf5 11. Nbd2 Rc8 12. Ne5 Qc7 13. Nxc6 Qxc6 14. Rc1 Rfd8 15. Re1 e6 16. a4 Qb6 17. Nxe4 dxe4 18. Bc4 Bxd4 19. Bxd4 Rxd4 20. Qe2 e5 21. c3 Rd6 22. g4 Be6 23. Bxe6 Rxe6 24. Qxe4 Qxb3 25. c4 Qb6 26. Rb1 Qc6 27. Rxb7 a5 28. Rb5 Qxc4 29. Qxc4 Rxc4 30. Rbxe5 Rxe5 31. Rxe5 Rxa4 32. Kg2 Ra3 33. Re8+ Kg7 34. Ra8 Kf6 35. f3 Ke5 36. Kg3 f5 37. g5 Ra1 38. Re8+ Kd4 39. Re7 a4 40. Rxh7 a3 41. h4 a2 42. Kf4 Rh1 43. Rd7+ Kc5 44. Ra7 a1=Q 45. Rxa1 Rxa1 46. h5 Ra4+ 47. Ke5 gxh5 48. g6 h4 49. Kxf5 h3 50. g7 Ra8 51. Kg4 h2 52. f4 h1=Q 53. f5 Qg2+ 54. Kf4 Qxg7 55. f6 Ra4+ 56. Kf5 Qd7+ 57. Kg6 Rg4+ 58. Kh6 Qf5 59. f7 Qg6# 0-1

[Event "January 9 Early 2024"]
[Site "https://www.chess.com"]
[Date "2024.01.11"]
[Round "8"]
[White "Onufrienko, Vladislav"]
[Black "Ioannidis, Evgenios"]
[Result "1-0"]
[Board "210"]
[TimeControl "180+1"]
[WhiteFideId "13804332"]
[BlackFideId "4229274"]
[WhiteElo "2615"]
[BlackElo "2776"]
[WhiteTeam "KGZ"]
[BlackTeam "GRE"]
[WhiteClock "0:00:05"]
[BlackClock "0:00:08"]

1. e4 e5 2. Nf3 Nc6 3. Nc3 Nf6 4. h3 d5 5. exd5 Nxd5 6. Bb5 Nxc3 7. bxc3 Bd6 8. O-O O-O 9. Re1 Re8 10. d4 exd4 11. Rxe8+ Qxe8 12. cxd4 Bd7 13. Bd3 Nb4 14. Bc4 Bf5 15. c3 Nc2 16. Ng5 Qc6 17. Bxf7+ Kf8 18. Be6 Bg6 19. Rb1 Ne1 20. d5 Qxc3 21. Rb3 Qe5 22. f4 Bc5+ 23. Kf1 Qd6 24. Qxe1 h6 25. Nf3 Bc2 26. Ne5 Qa6+ 27. Qe2 Qxe2+ 28. Kxe2 Bxb3 29. axb3 Ke7 30. Bb2 c6 31. Ng6+ Kd8 32. Bxg7 cxd5 33. Bxd5 Kc7 34. f5 Rd8 35. Be6 b5 36. f6 Bd4 37. g4 Rd6 38. Bf5 Bxf6 39. Bxh6 Kb6 40. Bf4 Rc6 41. Be3+ Ka5 42. Nf4 Be5 43. Nd3 Bc3 44. g5 b4 45. h4 Rc7 46. h5 Rd7 47. Bxd7 a6 48. Bf5 Kb5 49. h6 a5 50. Bd7+ Ka6 51. Ba4 Bh8 52. g6 Bf6 53. g7 Bg5 54. g8=Q Bxe3 55. Qa8+ Kb6 56. Qb8+ Ka6 57. Qb5+ Ka7 58. Kxe3 Ka8 59. Qxa5+ Kb8 60. Qxb4+ Ka7 61. Qc5+ Ka6 62. Bb5+ Ka5 63. b4# 1-0

[Event "January 9 Early 2024"]
[Site "https://www.chess.com"]
[Date "2024.01.11"]
[Round "8"]
[White "Gubajdullin, Alexei"]
[Black "Samunenkov, Ihor"]
[Result "0-1"]
[Board "211"]
[TimeControl "180+1"]
[WhiteFideId "4141202"]
[BlackFideId "14187086"]
[WhiteElo "2647"]
[BlackElo "2778"]
[WhiteTeam "RUS"]
[BlackTeam "UKR"]
[WhiteClock "0:00:12"]
[BlackClock "0:00:18"]

1. d4 Nf6 2. Nf3 d5 3. Bf4 e6 4. e3 Bd6 5. Bg3 O-O 6. Nbd2 c5 7. c3 Qc7 8. dxc5 Qxc5 9. b4 Qc7 10. c4 dxc4 11. Bxc4 Bxg3 12. hxg3 Nc6 13. Qb1 Ne5 14. Nxe5 Qxe5 15. O-O b6 16. Nf3 Qh5 17. Qb2 Bb7 18. Ne5 Rac8 19. Rac1 Rfd8 20. Be2 Qg5 21. Bf3 Bxf3 22. gxf3 h5 23. Nc6 Rxc6 24. Rxc6 h4 25. Rfc1 Kh7 26. g4 Qd5 27. Kg2 Nxg4 28. Qc2+ g6 29. Qe4 Qxe4 30. fxe4 Rd2 31. Kf3 Ne5+ 32. Kg2 Nxc6 33. Rxc6 Rxa2 34. Rc7 Kg7 35. e5 g5 36. b5 Kg6 37. e4 Rb2 38. Rxa7 Rxb5 39. Rb7 Rxe5 40. f3 Rb5 41. Kh3 Rb3 42. Kg2 h3+ 43. Kg3 h2 44. Kxh2 Rxf3 45. Rxb6 Re3 46. Kg2 Rxe4 47. Kf3 Rf4+ 48. Kg3 Rf5 49. Rb8 Rd5 50. Rg8+ Kf5 51. Rf8 f6 52. Ra8 Rd3+ 53. Kf2 e5 54. Ra6 e4 55. Ke2 Rb3 56. Ra5+ Kf4 57. Ra6 f5 58. Ra1 Rb2+ 59. Kf1 g4 60. Kg1 e3 61. Rf1+ Kg3 62. Re1 f4 63. Kh1 f3 64. Ra1 Rh2+ 65. Kg1 f2+ 0-1

[Event "January 9 Early 2024"]
[Site "https://www.chess.com"]
[Date "2024.01.11"]
[Round "8"]
[White "Van Foreest, Jorden"]
[Black "Klekowski, Maciej"]
[Result "0-1"]
[Board "212"]
[TimeControl "180+1"]
[WhiteFideId "1039784"]
[BlackFideId "1132717"]
[WhiteElo "3005"]
[BlackElo "2877"]
[WhiteTeam "NED"]
[BlackTeam "POL"]
[WhiteClock "0:00:02"]
[BlackClock "0:00:03"]

1. e4 c5 2. Nf3 e6 3. c3 Nf6 4. e5 Nd5 5. g3 Nc6 6. Bg2 d6 7. exd6 Bxd6 8. d4 O-O 9. O-O b6 10. dxc5 bxc5 11. Qe2 Qc7 12. Na3 a6 13. Nc4 Be7 14. Bg5 Bb7 15. Bxe7 Qxe7 16. Rad1 Rad8 17. Nfe5 Nxe5 18. Qxe5 f6 19. Qe2 e5 20. Na5 Ba8 21. Qxa6 Kh8 22. a4 Qc7 23. Nc4 Bc6 24. Qa5 Qe7 25. Qa6 Qc7 26. Na5 Ba8 27. Nb3 c4 28. Qa5 Qf7 29. Nc5 Nf4 30. gxf4 Qg6 31. f3 Rxd1 32. Rxd1 Bxf3 33. Rd2 Bxg2 34. Rxg2 Qb1+ 35. Kf2 Qxb2+ 36. Kf3 Qc1 37. Ne6 Re8 38. f5 Qf1+ 39. Rf2 Qd3+ 40. Kg2 Qe4+ 41. Rf3 Qg4+ 42. Kf2 Qh4+ 43. Ke3 e4 44. Rf4 Qe1+ 45. Kd4 Qd2+ 46. Kc5 Rc8+ 47. Kb6 Qd6+ 48. Kb5 Qd5+ 49. Kb4 Qd6+ 50. Kb5 Qd5+ 51. Kb4 Rb8+ 52. Qb5 Rxb5+ 53. axb5 g5 54. Rf1 e3 55. Re1 Qd2 56. Rb1 e2 57. b6 e1=Q 58. Rxe1 Qxe1 59. Kxc4 Qe5 0-1

[Event "January 9 Early 2024"]
[Site "https://www.chess.com"]
[Date "2024.01.11"]
[Round "8"]
[White "Indjic, Aleksandar"]
[Black "Syaputra, Arifa Rizki"]
[Result "1-0"]
[Board "213"]
[TimeControl "180+1"]
[WhiteFideId "911925"]
[BlackFideId "7105100"]
[WhiteElo "2890"]
[BlackElo "2727"]
[WhiteTeam "SRB"]
[BlackTeam "INA"]
[WhiteClock "0:00:20"]
[BlackClock "0:00:01"]

1. e4 c5 2. Nf3 a6 3. b3 Nc6 4. Bb2 d6 5. c3 Nf6 6. Bd3 g6 7. O-O Bg7 8. h3 O-O 9. Re1 e5 10. Bf1 Nh5 11. d4 Qf6 12. Na3 b5 13. Nc2 Nf4 14. Ne3 cxd4 15. cxd4 Nxd4 16. Nxd4 exd4 17. Nd5 Nxd5 18. exd5 Bf5 19. Qf3 Rfe8 20. Red1 Qh4 21. Bd3 Re5 22. g4 Bxd3 23. Rxd3 Rae8 24. Bxd4 Re4 25. Bxg7 Kxg7 26. Rc1 R8e7 27. Qg3 Qxg3+ 28. Rxg3 Re1+ 29. Rxe1 Rxe1+ 30. Kg2 Rd1 31. Rc3 Rxd5 32. Rc6 a5 33. Ra6 b4 34. Kf3 Kf6 35. Ra7 Ke6 36. Ke4 Re5+ 37. Kf4 h5 38. f3 h4 39. g5 f6 40. gxf6 Kxf6 41. Kg4 g5 42. Rh7 Kg6 43. Rd7 Rd5 44. f4 Rd4 45. Kf3 Rxf4+ 46. Ke3 Rf6 47. Ra7 g4 48. hxg4 Kg5 49. Rxa5+ Kxg4 50. Rb5 h3 51. Rxb4+ Kg3 52. Rb8 Re6+ 53. Kd2 Rg6 54. Rh8 h2 55. a4 Kg2 56. a5 h1=Q 57. Rxh1 Kxh1 58. b4 Kg2 59. a6 d5 60. b5 Kf3 61. a7 Rg2+ 62. Kd3 Ra2 63. b6 Ra4 1-0

[Event "January 9 Early 2024"]
[Site "https://www.chess.com"]
[Date "2024.01.11"]
[Round "8"]
[White "Kraiouchkine, Nikita"]
[Black "Matthes, Aaron"]
[Result "1/2-1/2"]
[Board "214"]
[TimeControl "180+1"]
[WhiteFideId "2607140"]
[BlackFideId "16227310"]
[WhiteElo "2627"]
[BlackElo "2414"]
[WhiteTeam "CAN"]
[BlackTeam "GER"]
[WhiteClock "0:00:07"]
[BlackClock "0:00:05"]

1. e4 b6 2. d4 Bb7 3. Nc3 e6 4. a3 Nf6 5. Bd3 c5 6. Nf3 cxd4 7. Nxd4 d5 8. e5 Nfd7 9. f4 Nc6 10. Be3 Nxd4 11. Bxd4 Bc5 12. Ne2 Bxd4 13. Nxd4 Nc5 14. Bb5+ Kf8 15. O-O g6 16. Qg4 h5 17. Qg3 Ba6 18. Bxa6 Nxa6 19. Nxe6+ fxe6 20. Qxg6 Rg8 21. Qxh5 Qe8 22. Qh6+ Ke7 23. f5 Nc5 24. f6+ Kd7 25. f7 Qf8 26. fxg8=Q Qxg8 27. Rf6 Ne4 28. Rg6 Qc8 29. Rg7+ Kc6 30. a4 b5 31. axb5+ Kxb5 32. Qe3 Qxc2 33. Rc1 Qd2 34. Qxd2 Nxd2 35. Rb7+ Ka6 36. Rb4 Ka5 37. Rb7 Ka6 38. Re7 Nb3 39. Rxe6+ Kb5 40. Rc3 Nd4 41. Rd6 Ne2+ 42. Kf2 Nxc3 43. bxc3 Kc5 44. Rd7 a5 45. Rb7 a4 46. Rb1 a3 47. Ra1 Kc4 48. Ke3 Kxc3 49. e6 d4+ 50. Ke4 d3 51. e7 Kb2 52. Rxa3 Kxa3 53. Kxd3 Re8 54. Ke4 Kb4 55. Kd5 Rxe7 56. g4 Rh7 57. Ke6 Rxh2 58. g5 Kc5 59. g6 Rg2 60. Kf7 Kd6 61. g7 Rf2+ 62. Ke8 Rg2 63. Kf7 Kd7 64. g8=Q Rf2+ 65. Kg7 Rg2+ 66. Kf8 Rxg8+ 67. Kxg8 1/2-1/2

[Event "January 9 Early 2024"]
[Site "https://www.chess.com"]
[Date "2024.01.11"]
[Round "8"]
[White "Tifferet, Shakked"]
[Black "Kotlyar, Kirill"]
[Result "0-1"]
[Board "215"]
[TimeControl "180+1"]
[WhiteFideId "2811529"]
[BlackFideId "24145599"]
[WhiteElo "2480"]
[BlackElo "2589"]
[WhiteTeam "ISR"]
[BlackTeam "RUS"]
[WhiteClock "0:00:01"]
[BlackClock "0:00:09"]

1. c4 Nf6 2. Nc3 d5 3. cxd5 Nxd5 4. e4 Nxc3 5. dxc3 Qxd1+ 6. Kxd1 e5 7. Be3 Be6 8. a4 Nd7 9. Kc2 Bc5 10. Bxc5 Nxc5 11. f3 Bb3+ 12. Kc1 Bxa4 13. Rxa4 Nxa4 14. Bb5+ c6 15. Bxa4 Ke7 16. Ne2 Rhd8 17. Kc2 g6 18. Bb3 f6 19. Rd1 Rxd1 20. Kxd1 Rd8+ 21. Kc2 Kd6 22. Bc4 b5 23. Bd3 Kc5 24. Nc1 a5 25. b4+ axb4 26. Nb3+ Kb6 27. cxb4 Ra8 28. Kc3 Ra2 29. Bc2 Ra3 30. Bb1 Ra8 31. Bc2 Ra2 32. Kd3 Ra4 33. Kc3 Ra2 34. Nc1 Ra3+ 35. Bb3 Ra1 36. Kb2 Ra8 37. Nd3 Rd8 38. Kc3 Ra8 39. Nc5 Ra1 40. Nd7+ Kc7 41. Nxf6 Rg1 42. Nxh7 Rxg2 43. Nf8 g5 44. Ne6+ Kd6 45. Ng7 Rxh2 46. Nf5+ Kc7 47. Kd3 Rb2 48. Kc3 Rf2 49. Bd1 Kb6 50. Ne7 c5 51. Nd5+ Kc6 52. Ne7+ Kb6 53. Nd5+ Kc6 54. Ne7+ Kd6 55. Nf5+ Kc7 56. bxc5 Kc6 57. Bb3 Kxc5 0-1

[Event "January 9 Early 2024"]
[Site "https://www.chess.com"]
[Date "2024.01.11"]
[Round "8"]
[White "Bonin, Jay"]
[Black "Valle Luis, Leo"]
[Result "0-1"]
[Board "216"]
[TimeControl "180+1"]
[WhiteFideId "2000644"]
[BlackFideId "54577187"]
[WhiteElo "2320"]
[BlackElo "2489"]
[WhiteTeam "USA"]
[BlackTeam "ESP"]
[WhiteClock "0:00:03"]
[BlackClock "0:00:03"]

1. d4 Nf6 2. Nf3 e6 3. c4 b6 4. g3 Ba6 5. Nbd2 Bb4 6. Qa4 c5 7. a3 Bxd2+ 8. Bxd2 cxd4 9. Bg2 Bb7 10. O-O Bc6 11. Qd1 O-O 12. Nxd4 Bxg2 13. Kxg2 Nc6 14. Nxc6 dxc6 15. Bf4 Qc8 16. Qb3 c5 17. Qf3 Re8 18. Be5 Nd7 19. Bc3 e5 20. Rad1 Nf8 21. Rd5 f6 22. Rfd1 Qe6 23. b3 Rac8 24. h4 Qe7 25. h5 Rc7 26. e4 Ne6 27. Qg4 Nf8 28. h6 Qe6 29. Qxe6+ Nxe6 30. hxg7 Rxg7 31. Kf3 Ng5+ 32. Ke3 Rge7 33. Rd6 Kf7 34. R1d5 h6 35. Kd3 Ne6 36. b4 Rc8 37. Rd7 Rc7 38. Rxc7 Rxc7 39. f4 exf4 40. Rf5 fxg3 41. Rxf6+ Ke7 42. Rxh6 Rd7+ 43. Ke3 g2 44. Rg6 Rd3+ 45. Kxd3 Nf4+ 46. Ke3 Nxg6 47. Kf2 Nf4 48. Bd2 g1=Q+ 49. Kxg1 Ne2+ 50. Kf2 Nd4 51. bxc5 bxc5 52. Be3 Ne6 53. Ke2 a6 54. Kd3 Kd6 55. Bf2 Nf4+ 56. Kc3 Ne2+ 57. Kb3 Kc6 58. Ka4 Nc3+ 59. Ka5 Nxe4 60. Bg1 Nd6 61. Kxa6 Nxc4 0-1

[Event "January 9 Early 2024"]
[Site "https://www.chess.com"]
[Date "2024.01.11"]
[Round "8"]
[White "Plyasunov, Daniil"]
[Black "Aravindh, Chithambaram VR."]
[Result "1/2-1/2"]
[Board "217"]
[TimeControl "180+1"]
[WhiteFideId "44133839"]
[BlackFideId "5072786"]
[WhiteElo "2751"]
[BlackElo "2924"]
[WhiteTeam "RUS"]
[BlackTeam "IND"]
[WhiteClock "0:00:10"]
[BlackClock "0:00:03"]

1. e4 Nf6 2. e5 Nd5 3. c4 Nb6 4. d4 d6 5. f4 dxe5 6. fxe5 Nc6 7. Be3 Bf5 8. Nc3 e6 9. Be2 Be7 10. Nf3 O-O 11. O-O f6 12. exf6 Bxf6 13. Qd2 Kh8 14. Rad1 h6 15. Kh1 Qe8 16. Qe1 Rd8 17. Bg1 Bc2 18. Rd2 Bh7 19. b3 Qe7 20. Bd3 Bxd3 21. Rxd3 Qe8 22. Re3 Nxd4 23. Nxd4 Bxd4 24. Rxe6 Qd7 25. Rxf8+ Rxf8 26. Bxd4 Qxd4 27. Nb5 Qd3 28. Re8 Rxe8 29. Qxe8+ Kh7 30. Qe1 c6 31. Nxa7 Nd7 32. h3 Nf6 33. Nc8 Ne4 34. Ne7 Qd4 35. Nf5 Qe5 36. Ne3 h5 37. Kg1 Qd4 38. Kh2 Qe5+ 39. Kg1 Qd4 40. Kh2 g6 41. Nf1 Qe5+ 42. Kg1 Qf5 43. Qe3 h4 44. Nd2 Ng3 45. Nf3 Qb1+ 46. Qe1 Qxa2 47. Qe7+ Kg8 48. Qe8+ Kg7 49. Qe7+ Kg8 50. Qe8+ Kg7 51. Kh2 Qb1 52. Qe7+ Kg8 53. Qe8+ Kg7 54. Qe7+ Kg8 55. Qd8+ Kg7 56. Qc7+ Kh6 57. Qf4+ Kg7 58. Qc7+ Kh6 59. Qf4+ Kg7 60. Qc7+ 1/2-1/2

[Event "January 9 Early 2024"]
[Site "https://www.chess.com"]
[Date "2024.01.11"]
[Round "8"]
[White "Kuzubov, Yuriy"]
[Black "Keymer, Vincent"]
[Result "0-1"]
[Board "218"]
[TimeControl "180+1"]
[WhiteFideId "14112906"]
[BlackFideId "12940690"]
[WhiteElo "2865"]
[BlackElo "3030"]
[WhiteTeam "UKR"]
[BlackTeam "GER"]
[WhiteClock "0:00:03"]
[BlackClock "0:00:05"]

1. d4 Nf6 2. Nf3 e6 3. c4 b6 4. g3 Ba6 5. Qc2 Bb7 6. Bg2 Bb4+ 7. Bd2 a5 8. Nc3 O-O 9. Bg5 Be4 10. Qd2 Bxc3 11. bxc3 h6 12. Bxf6 Qxf6 13. O-O d6 14. Ne1 Qg6 15. Nd3 Bxg2 16. Kxg2 Qe4+ 17. f3 Qc6 18. Nb2 Nd7 19. e4 e5 20. Qd3 a4 21. Nd1 a3 22. Ne3 Ra4 23. Rab1 Re8 24. Rfd1 g6 25. h4 h5 26. Rb4 Rxb4 27. cxb4 Qa4 28. Rb1 c6 29. d5 c5 30. b5 Ra8 31. Rb3 Nf6 32. Nc2 Qa7 33. Rxa3 Qb7 34. Rxa8+ Qxa8 35. Qa3 Qb8 36. Qa6 Ne8 37. Ne3 Kg7 38. Nd1 Nc7 39. Qa3 Ne8 40. Qb3 f5 41. exf5 gxf5 42. Qc2 Qc8 43. Ne3 Kf6 44. g4 hxg4 45. fxg4 fxg4 46. Qh7 Ng7 47. Qh6+ Kf7 48. Qxd6 Qa8 49. h5 Qxa2+ 50. Kg3 Qb3 51. Qg6+ Kf8 52. Qf6+ Kg8 53. Qxe5 Nf5+ 54. Qxf5 Qxe3+ 55. Kxg4 Qe2+ 56. Qf3 Qxc4+ 57. Kf5 Qxb5 58. d6 Qd7+ 59. Ke5 Qe8+ 60. Kf5 Qf8+ 61. Kg4 Qxd6 62. Qb7 Qe6+ 63. Kg3 Qf6 64. Qa7 Qg7+ 65. Qxg7+ Kxg7 0-1